 Dungeon Sprint DCSS version 0.23-a0-171-g5ae17c6 (webtiles) character file.

11388 Fang the Severer (level 11, -2/83 HPs)
             Began as a Gargoyle Berserker on Sept 14, 2018.
             Was the Champion of Trog.
             Slain by a black draconian knight
             ... wielding a +3 battleaxe of distortion
              (9 damage)
             ... in the Dungeon (Sprint V: "Ziggurat Sprint").
             The game lasted 00:05:09 (1131 turns).

Fang the Severer (Gargoyle Berserker)               Turns: 1131, Time: 00:05:09

Health: -2/83      AC: 32    Str: 23    XL:     11   Next: 77%
Magic:  11/11      EV: 11    Int: 20    God:    Trog [******]
Gold:   0          SH:  0    Dex: 17    Spells: 10/10 levels left

rFire    + + .     SeeInvis .   B - +7 battleaxe of the Inferno {chop, *Slow rPois rF+}
rCold    + . .     Gourm    .   (shield currently unavailable)
rNeg     + . .     Faith    .   j - +5 shadow dragon scales
rPois    ∞         Spirit   .   t - +1 helmet of Poor Excuses {Int+8}
rElec    +         Reflect  .   (no cloak)
rCorr    +         Harm     .   J - +1 pair of gloves of Zeorphok {*Drain rCorr Dex+4}
MR       ++...     NoTele   +   (no boots)
Stlth    +++++.....             (no amulet)
HPRegen  0.23/turn              F - ring of Keme {rCorr *Contam rPois MR++ Dex+4}
MPRegen  0.12/turn              P - ring of the Fifty Tables {+Inv rF+ rC+ Int+3}

@: berserk cooldown, slowed, very slow
A: negative energy resistance 1, electricity resistance, unbreathing,
petrification resistance, rot immunity, AC +8
a: Berserk, Trog's Hand, Brothers in Arms, Renounce Religion, Evoke Invisibility


You were in the Dungeon.
You worshipped Trog.
Trog was exalted by your worship.
You were near starving.

You visited 1 branch

Inventory:

Hand Weapons
 a - a +6 hand axe of venom
 k - a +5 executioner's axe
 B - the +7 battleaxe of the Inferno (weapon) {chop, *Slow rPois rF+}
   (You found it in the Dungeon)

   It inflicts extra damage upon your enemies.
   It protects you from fire.
   It protects you from poison.
   It may slow you when you take damage.
 G - the +8 war axe "Woecus" {chop, Fragile +Rage +Fly SInv}
   (You took it off a naga mage in the Dungeon)

   It inflicts extra damage upon your enemies.
   It lets you see invisible.
   It lets you fly.
   It lets you go berserk.
   It will be destroyed if unequipped.
 L - a +1 antimagic broad axe
 N - a +1 antimagic battleaxe
Armour
 j - +5 shadow dragon scales (worn)
 t - the +1 helmet of Poor Excuses (worn) {Int+8}
   (You found it in the Dungeon)

   It affects your intelligence (+8).
 I - the -2 hat of the Alchemist {rElec rPois rF+ rC+ rN+ MR+ rMut rCorr}
   (You found it in the Dungeon)

   It protects you from fire.
   It protects you from cold.
   It insulates you from electricity.
   It protects you from poison.
   It protects you from negative energy.
   It affects your resistance to hostile enchantments.
   It provides partial protection from all sources of acid and corrosion.
   It protects you from mutation.
 J - the +1 pair of gloves of Zeorphok (worn) {*Drain rCorr Dex+4}
   (You found it in the Dungeon)

   It affects your dexterity (+4).
   It provides partial protection from all sources of acid and corrosion.
   It causes draining when unequipped.
Jewellery
 A - an uncursed ring of stealth
 D - a +6 ring of strength
 E - a +6 ring of strength
 F - the ring of Keme (left hand) {rCorr *Contam rPois MR++ Dex+4}
   (You found it in the Dungeon)

   [ring of resist corrosion]

   It affects your dexterity (+4).
   It protects you from poison.
   It affects your resistance to hostile enchantments.
   It causes magical contamination when unequipped.
 H - the ring "Esubaqu" {+Fly Int+6}
   (You found it in the Dungeon)

   [ring of flight]

   It affects your intelligence (+6).
   It lets you fly.
 P - the ring of the Fifty Tables (right hand) {+Inv rF+ rC+ Int+3}
   (You found it in the Dungeon)

   [ring of intelligence]

   It affects your intelligence (+3).
   It protects you from fire.
   It protects you from cold.
   It lets you turn invisible.
Wands
 w - a wand of disintegration (7)
 x - a wand of iceblast (7)
 y - a wand of acid (7)
Scrolls
 i - 4 scrolls of blinking
 l - 7 scrolls of fog
 m - a scroll of holy word
 n - 5 scrolls of identify
 o - 5 scrolls of remove curse
 p - 2 scrolls of fear
Potions
 d - 10 potions of curing
 e - 11 potions of heal wounds
 f - 6 potions of haste
 g - 7 potions of magic
 h - 3 potions of berserk rage
 q - 2 potions of brilliance
 r - 2 potions of invisibility
 s - 4 potions of resistance
 u - 5 potions of agility
 v - 5 potions of might
Miscellaneous
 b - a lamp of fire
 z - a phial of floods
 C - a box of beasts
 K - a phial of floods
 M - a lamp of fire
Comestibles
 c - 5 rations
 O - 3 chunks of flesh


   Skills:
 + Level 15.8 Fighting
 + Level 18.2 Axes
 + Level 10.6 Armour
 + Level 5.2 Dodging
 + Level 8.0 Stealth


You had 10 spell levels left.
You didn't know any spells.
Your spell library was empty.

Dungeon Overview and Level Annotations

Branches:
Dungeon (1/1)

Altars:
Ashenzari
Cheibriados
Dithmenos
Elyvilon
Fedhas
Gozag
Hepliaklqana
Kikubaaqudgha
Makhleb
Nemelex Xobeh
Okawaru
Qazlal
Ru
Sif Muna
Trog
Uskayaw
Vehumet
Wu Jian
Xom
Yredelemnul
Zin
The Shining One
Beogh
Jiyva
Lugonu

Annotations:
D 1 transporter


Innate Abilities, Weirdness & Mutations

You are resistant to torment.
Your stone body is resilient. (AC +8)
You are immune to poison.
You resist negative energy. (rN+)
You are resistant to electric shocks. (rElec)
You can survive without breathing.
You are immune to petrification.
You are immune to rotting.


Message History

* * * LOW HITPOINT WARNING * * *
You are splashed with acid!
The acid burns!
You resist.
* * * LOW HITPOINT WARNING * * *
The black draconian closely misses you. Something hits you.
* * * LOW HITPOINT WARNING * * *
The Orb Guardian hits you.
* * * LOW HITPOINT WARNING * * *
The green draconian hits you with a battleaxe.
* * * LOW HITPOINT WARNING * * *
The green draconian tail-slaps you but does no damage.
Unknown command.
Your cyclops goes berserk!
You feel quite a bit more hungry.
The white draconian hits you but does no damage.
The yellow draconian hits you but does no damage.
The Orb Guardian hits you but does no damage.
The black draconian hits you from afar with a glaive.
* * * LOW HITPOINT WARNING * * *
Something hits you!
You die...

▓....©....▓...©...▓
▓▓▓▓▓▓▓▓▓▓▓▓▓▓▓▓▓▓▓▓▓
▓...8©8...▓...8©8...▓
▓..}}|}}..▓..||):}..▓
▓..|:|||..▓...=.[|..▓
▓.........▓.........▓
▓..d......▓.........▓
▓...dX{...▓......)..▓
▓...d@d...▓...†.†...▓
▓......C..▓.▓...÷.▓.▓
▓.........▓....©....▓
▓....©....▓▓▓▓▓▓▓▓▓▓▓
▓▓▓▓▓▓▓▓▓▓▓


You could see a black draconian, a yellow draconian, a green draconian, a white
draconian, an Orb Guardian and a friendly cyclops (berserk).

Vanquished Creatures
  A red draconian (D)
  A yellow draconian (D)
  A white draconian (D)
  A spriggan (D)
  A worldbinder (D)
  A moth of wrath (D)
  3 naga magi (D)
  A guardian mummy (D)
  A polar bear (D)
  A slime creature (D)
  A hornet (D)
  A ynoxinul (D)
  An ushabti (D)
  A water moccasin (D)
  A naga (D)
  A small abomination (D)
  An ice beast (D)
  4 black bears (D)
  A necrophage (D)
  4 wolves (D)
  A wight (D)
  A crimson imp (D)
  2 quasits (D)
  2 iron imps (D)
  5 orc wizards (D)
  3 mummies (D)
  2 shadow imps (D)
  3 white imps (D)
  2 ufetubi (D)
  An ooze (D)
  An adder zombie (D)
  2 orcs (D)
  A ball python (D)
  2 giant cockroach zombies (D)
56 creatures vanquished.

Vanquished Creatures (collateral kills)
  A greater mummy (D)
  A guardian mummy (D)
  A mummy (D)
3 creatures vanquished.

Grand Total: 59 creatures vanquished

Notes
Turn   | Place    | Note
-------+----------+-------------------------------------------
     0 | D        | Found the +6 Majin-Bo {vamp, Archmagi MP+6 Int+6}
     0 | D        | Found the +7 great mace "Firestarter" {inner flame, rF++}
     0 | D        | Fang the Gargoyle Berserker began the quest for the Orb.
     0 | D        | Reached XP level 1. HP: 14/14 MP: 1/1
     3 | D        | Found a blossoming altar of Fedhas.
     4 | D        | Found a viscous altar of Jiyva.
     4 | D        | Found a hazy altar of Hepliaklqana.
     4 | D        | Found a transporter.
     4 | D        | Found an opulent altar of Gozag.
     4 | D        | Found an ancient bone altar of Kikubaaqudgha.
     4 | D        | Found a corrupted altar of Lugonu.
    10 | D        | Found a burning altar of Makhleb.
    11 | D        | Found a sacrificial altar of Ru.
    11 | D        | Found a stormy altar of Qazlal.
    11 | D        | Found a deep blue altar of Sif Muna.
    11 | D        | Found an iron altar of Okawaru.
    11 | D        | Found a bloodstained altar of Trog.
    11 | D        | Found a sparkling altar of Nemelex Xobeh.
    70 | D        | Entered arena 2.
    70 | D        | Noticed a slime creature
    70 | D        | Found a transporter.
    74 | D        | Reached skill level 3 in Axes
    80 | D        | Killed a slime creature
    80 | D        | Reached skill level 7 in Axes
    80 | D        | Reached XP level 2. HP: 25/25 MP: 2/2
    80 | D        | Reached XP level 3. HP: 29/29 MP: 3/3
    80 | D        | Reached XP level 4. HP: 35/35 MP: 4/4
    80 | D        | Reached XP level 5. HP: 39/39 MP: 5/5
   265 | D        | Entered arena 3.
   265 | D        | Found a transporter.
   268 | D        | Reached ** piety under Trog
   268 | D        | Reached skill level 8 in Axes
   268 | D        | Reached XP level 6. HP: 44/44 MP: 6/6
   421 | D        | Entered arena 4.
   421 | D        | Noticed a necrophage
   421 | D        | Found a transporter.
   424 | D        | Killed a necrophage
   424 | D        | Reached *** piety under Trog
   424 | D        | Reached skill level 5 in Armour
   424 | D        | Reached skill level 9 in Axes
   439 | D        | Got the +7 battleaxe of the Inferno {chop, *Slow rPois rF+}
   475 | D        | Entered arena 5.
   475 | D        | Noticed a ynoxinul
   475 | D        | Found a transporter.
   476 | D        | Found the +5 demon whip "Spellbinder" {antimagic, MR+}
   479 | D        | Reached **** piety under Trog
   482 | D        | Reached XP level 7. HP: 51/51 MP: 7/7
   484 | D        | Killed a ynoxinul
   484 | D        | Reached skill level 10 in Axes
   612 | D        | Entered arena 6.
   612 | D        | Noticed a polar bear
   612 | D        | Found a transporter.
   618 | D        | Reached ***** piety under Trog
   618 | D        | Reached skill level 10 in Fighting
   618 | D        | Reached skill level 11 in Axes
   623 | D        | Killed a polar bear
   623 | D        | Reached XP level 8. HP: 58/58 MP: 8/8
   628 | D        | Reached XP level 9. HP: 53/65 MP: 9/9
   633 | D        | Got the +1 helmet of Poor Excuses {Int+8}
   644 | D        | Entered arena 7.
   644 | D        | Noticed a naga mage
   644 | D        | Noticed a naga mage
   644 | D        | Noticed a naga mage
   645 | D        | Found the -2 hat of the Alchemist {rElec rPois rF+ rC+ rN+
                  | MR+ rMut rCorr}
   645 | D        | Found a transporter.
   650 | D        | Killed a naga mage
   650 | D        | Received a gift from Trog
   650 | D        | Reached skill level 12 in Axes
   653 | D        | Killed a naga mage
   653 | D        | Reached skill level 13 in Axes
   654 | D        | Killed a naga mage
   657 | D        | Got the +8 war axe "Woecus" {chop, Fragile +Rage +Fly SInv}
   671 | D        | Got the ring "Esubaqu" {+Fly Int+6}
   681 | D        | Got the +1 pair of gloves of Zeorphok {*Drain rCorr Dex+4}
   861 | D        | Entered arena 8.
   861 | D        | Noticed a worldbinder
   863 | D        | Found a transporter.
   867 | D        | Killed a worldbinder
   867 | D        | Reached skill level 14 in Axes
   867 | D        | Reached XP level 10. HP: 72/72 MP: 10/10
   867 | D        | Received a gift from Trog
   867 | D        | Reached ****** piety under Trog
   876 | D        | Got the ring of Keme {rCorr *Contam rPois MR++ Dex+4}
   924 | D        | Entered arena 9.
   925 | D        | Found a transporter.
   929 | D        | Received a gift from Trog
   938 | D        | Received a gift from Trog
   959 | D        | Entered arena 10.
   959 | D        | Noticed a greater mummy
   961 | D        | Found a transporter.
   969 | D        | Noticed a sun demon
   969 | D        | Noticed a rust devil
   974 | D        | Killed a greater mummy
   974 | D        | Reached skill level 16 in Axes
   974 | D        | Reached XP level 11. HP: 67/80 MP: 11/11
   975 | D        | Received a gift from Trog
  1021 | D        | Entered arena 11.
  1021 | D        | Noticed a spriggan rider
  1023 | D        | Found a transporter.
  1028 | D        | Received a gift from Trog
  1029 | D        | Reached skill level 10 in Armour
  1034 | D        | Reached skill level 17 in Axes
  1039 | D        | Killed a spriggan rider
  1039 | D        | Reached skill level 15 in Fighting
  1039 | D        | Reached skill level 5 in Dodging
  1101 | D        | Got the ring of the Fifty Tables {+Inv rF+ rC+ Int+3}
  1116 | D        | Entered arena 12.
  1116 | D        | Noticed a red draconian
  1116 | D        | Noticed an Orb Guardian
  1116 | D        | Noticed a yellow draconian
  1116 | D        | Noticed a moth of wrath
  1116 | D        | Noticed a white draconian
  1118 | D        | Noticed a green draconian
  1118 | D        | Noticed a white draconian
  1118 | D        | Noticed a black draconian
  1118 | D        | Noticed a yellow draconian
  1119 | D        | Noticed a black draconian knight
  1120 | D        | Found a transporter.
  1125 | D        | Killed a red draconian
  1125 | D        | Received a gift from Trog
  1126 | D        | Killed a white draconian
  1127 | D        | Killed a moth of wrath
  1127 | D        | Killed a yellow draconian
  1127 | D        | Reached skill level 18 in Axes
  1131 | D        | Slain by a black draconian knight

Vault maps used:
D:        sprint_v

Skill      XL: |  1  2  3  4  5  6  7  8  9 10 11 |
---------------+----------------------------------+-----
Fighting       | 8 9 10 11 12 14 15 | 15.8
Axes           | 7 8 9 11 14 16 18 | 18.2
Armour         | 4 5 6 8 9 10 | 10.6
Dodging        | 3 4 5 |  5.2
Stealth        | 6 7 8 |  8.0

Action                   |  1- 3 |  4- 6 |  7- 9 | 10-12 || total
-------------------------+-------+-------+-------+-------++-------
Melee: Executioner's axe |     8 |     6 |       |       ||    14
       Battleaxe         |       |     5 |    21 |    40 ||    66
Invok: Berserk           |     1 |     3 |     3 |     3 ||    10
       Brothers in Arms  |       |       |       |     3 ||     3
  Use: Potion            |       |       |     1 |     3 ||     4
  Eat: Ration            |       |       |     1 |     1 ||     2
       Chunk             |       |       |     2 |       ||     2
Armor: Shadow dragon sca |     5 |     7 |    29 |    57 ||    98
Dodge: Dodged            |     4 |     9 |    14 |    29 ||    56

Table legend:
 A = Non-vault XP
 B = Vault XP
 C = Vault XP percentage of total XP
 D = Non-vault monster count
 E = Vault monster count
 F = Vault count percentage of total count
                 A         B        C        D         E       F
            +---------+---------+-------+---------+---------+-------
      Total |     282 |   14720 |  98.1 |       1 |      58 |  98.3
            +---------+---------+-------+---------+---------+-------
          D |     282 |   14720 |  98.1 |       1 |      58 |  98.3
            +---------+---------+-------+---------+---------+-------
